AoeStats
← [ICMW] The Böke

African Clearing

510383757Analyzed
4v4 RM · 17h ago on Sep 30, 2026· 54m 27s· 8 players
Game mode
Random Map
Map size
Large (8 player)
Population
200
Speed
Normal
Resources
Standard
Victory
Conquest
Starting age
Dark Age
Ending age
Imperial Age
RankedLock teamsTeams togetherTeam positionsShared explorationLock speedFull tech treeHidden civsTurbo modeCheats
Victory
Defeat
🇹🇷 Mapuche · Türkiye
1566
+14
🇹🇷 Mongols · Türkiye
1547
+15
🇹🇷 Khmer · Türkiye
1428
+20
🇹🇷 Persians · Türkiye
1405
+20
🇮🇹 Khmer · Italy
1546
-19
🇧🇷 Huns · Brazil
1515
-17
🇮🇹 Mongols · Italy
1498
-17
🇺🇸 Koreans · United States
1494
-16
Théoden
13:30 Feudal Age
17:46 Castle Age
15:56 Double-Bit Axe
16:13 Fletching
18:34 Bodkin Arrow
19:19 Bow Saw
21:09 Loom
22:10 Ballistics
31:07 Wheelbarrow
31:10 Padded Archer Armor
31:13 Horse Collar
37:08 Imperial Age
38:52 Chemistry
38:08 Leather Archer Armor
39:20 Heavy Plow
40:13 Ring Archer Armor
40:25 Elite Bolas Rider
42:20 Malon
45:00 Forging
45:12 Conscription
46:37 Hand Cart
50:24 Iron Casting
50:02 Elite Kona
50:36 Town Watch
54:34 Blast Furnace
Göktürk
10:06 Loom
12:04 Feudal Age
16:16 Forging
16:30 Scale Barding Armor
22:00 Castle Age
21:15 Bloodlines
21:22 Double-Bit Axe
24:17 Chain Barding Armor
40:38 Wheelbarrow
41:23 Bow Saw
41:16 Fletching
41:27 Padded Archer Armor
42:46 Bodkin Arrow
44:55 Leather Archer Armor
45:04 Ballistics
48:21 Imperial Age
48:04 Gold Mining
48:27 Elite Mangudai
49:29 Conscription
49:10 Bracer
50:29 Chemistry
52:06 Parthian Tactics
51:47 Thumb Ring
54:01 Iron Casting
53:51 Hand Cart
KİNGBURAK53
12:04 Feudal Age
10:47 Loom
12:35 Double-Bit Axe
15:05 Horse Collar
18:35 Scale Barding Armor
19:17 Forging
21:56 Bloodlines
24:50 Castle Age
24:06 Bloodlines
24:09 Gold Mining
24:55 Light Cavalry
36:53 Wheelbarrow
40:20 Chain Barding Armor
40:38 Iron Casting
40:18 Husbandry
40:42 Bow Saw
42:52 Gold Shaft Mining
45:12 Imperial Age
45:41 Hand Cart
45:21 Hussar
46:48 Plate Barding Armor
47:00 Elite Battle Elephant
48:52 Blast Furnace
50:55 Chemistry
51:41 Stone Mining
53:03 Conscription
52:46 Tusk Swords
53:14 Capped Ram
54:07 Masonry
[ICMW] The Böke
8:19 Loom
14:08 Feudal Age
21:36 Double-Bit Axe
27:51 Castle Age
29:47 Husbandry
29:57 Bloodlines
29:54 Scale Barding Armor
30:45 Forging
34:51 Horse Collar
39:19 Heavy Plow
39:29 Bow Saw
40:59 Wheelbarrow
40:17 Gold Mining
40:18 Stone Mining
44:52 Imperial Age
43:11 Hand Cart
44:10 Chain Barding Armor
45:03 Iron Casting
44:34 Cavalier
45:50 Plate Barding Armor
44:47 Capped Ram
46:24 Siege Ram
50:13 Light Cavalry
51:12 Savar
52:59 Blast Furnace
Mis
5:27 Loom
13:22 Feudal Age
18:16 Castle Age
17:45 Double-Bit Axe
17:53 Fletching
19:12 Gold Mining
19:19 Bodkin Arrow
20:50 Gold Shaft Mining
20:32 Bow Saw
25:52 Ballistics
25:59 Treadmill Crane
31:14 Town Watch
32:29 Wheelbarrow
31:45 Horse Collar
35:57 Eupseong
37:16 Murder Holes
41:37 Imperial Age
40:22 Hand Cart
40:35 Stone Mining
41:25 Masonry
42:21 Bracer
43:32 Chemistry
47:01 Elite War Wagon
48:36 Architecture
49:29 Gold Shaft Mining
51:28 Scale Mail Armor
51:38 Forging
51:13 Elite Fire Lancer
52:35 Squires
54:03 Chain Mail Armor
54:23 Iron Casting
OS | Gr0uch0_
11:57 Feudal Age
15:43 Loom
18:40 Castle Age
17:23 Double-Bit Axe
18:38 Gold Mining
31:11 Horse Collar
32:33 Fletching
32:59 Bow Saw
34:06 Elite Skirmisher
34:46 Padded Archer Armor
37:38 Leather Archer Armor
37:19 Bodkin Arrow
40:43 Wheelbarrow
40:09 Heavy Plow
48:49 Ballistics
53:43 Gold Shaft Mining
Karzul
4:10 Loom
12:10 Feudal Age
24:55 Castle Age
26:42 Double-Bit Axe
32:33 Bow Saw
32:07 Horse Collar
42:57 Fletching
43:41 Bodkin Arrow
44:07 Ballistics
44:52 Padded Archer Armor
46:24 Bloodlines
46:15 Husbandry
46:33 Elite Skirmisher
49:12 Leather Archer Armor
50:25 Heavy Plow
52:35 Wheelbarrow
52:24 Thumb Ring
54:14 Hand Cart
Evol_
11:48 Feudal Age
12:44 Loom
12:54 Double-Bit Axe
15:45 Forging
15:47 Scale Barding Armor
19:14 Castle Age
18:55 Bloodlines
23:47 Horse Collar
25:30 Fletching
35:39 Wheelbarrow
35:02 Town Watch
39:22 Imperial Age
38:07 Padded Archer Armor
38:42 Hand Cart
39:42 Husbandry
40:09 Town Patrol
40:05 Bodkin Arrow
40:57 Bracer
42:05 Chemistry
41:26 Ballistics
41:34 Conscription
40:52 Capped Ram
42:57 Leather Archer Armor
43:34 Siege Ram
44:47 Elite Mangudai
44:53 Elite Mangudai
46:40 Thumb Ring
48:57 Chain Barding Armor
49:12 Iron Casting
48:43 Heavy Camel Rider
52:28 Blast Furnace
Connection lost

Rejoining the realm…

Still unreachable

The connection could not be restored.

Session expired

The server has moved on; the page needs a fresh start.